 Dungeon Crawl Stone Soup version 0.31-a0-154-g56bf346678 (webtiles) character file.

Game seed: 2316820483575518571

28 Demosthentine the Ducker (level 3, 0/28 HPs)
             Began as a Demonspawn Gladiator on June 11, 2023.
             Slain by a hobgoblin
             ... wielding a +2 short sword of protection
              (4 damage)
             ... on level 2 of the Dungeon.
             The game lasted 00:01:29 (1203 turns).

Demosthentine the Ducker (Demonspawn Gladiator)     Turns: 1203, Time: 00:01:30

Health: 0/28       AC:  5    Str: 16    XL:     3   Next: 0%
Magic:  3/3        EV: 12    Int:  9    God:
Gold:   86         SH:  0    Dex: 14    Spells: 2/2 levels left

rFire   . . .        a - +0 trident
rCold   . . .        (no shield)
rNeg    . . .        b - +0 leather armour
rPois   .            c - +1 helmet
rElec   .            (no cloak)
rCorr   .            (no gloves)
SInv    .            (no boots)
Will    .....        (no amulet)
Stlth   +            (no ring)
HPRegen 0.24/turn    (no ring)
MPRegen 0.16/turn

%: no passive effects
@: no status effects
A: magic regeneration, weakness stinger 1
a: no special abilities


You were on level 2 of the Dungeon.
You visited 1 branch of the dungeon, and saw 2 of its levels.

You collected 86 gold pieces.

Inventory:

Hand Weapons
 a - a +0 trident (weapon)
Missiles
 d - 3 throwing nets (quivered)
 e - a javelin
Armour
 b - a +0 leather armour (worn)
 c - a +1 helmet (worn)
 j - a +0 buckler
Scrolls
 f - a scroll of acquirement {unknown}
 g - a scroll of identify
 h - 3 scrolls of teleportation {unknown}
Potions
 i - a potion of lignification
 k - a potion of magic
 l - a potion of might {unknown}


   Skills:
 + Level 2.3 Fighting
 + Level 3.0 Polearms
 - Level 1.7 Throwing
 + Level 0.9 Armour
 + Level 3.0 Dodging
 + Level 0.3 Shields


You had 2 spell levels left.
You didn't know any spells.
Your spell library contained the following spells:

 Spells                   Type           Power      Damage    Failure   Level
 Ensorcelled Hibernation  Hex/Ice        0%         N/A       58%         2
 Spider Form              Tmut/Pois      0%         N/A       83%         3
 Anguish                  Hex/Necr       0%         N/A       99%         4


Dungeon Overview and Level Annotations

Branches:
Dungeon (2/15)

Altars:


Innate Abilities, Weirdness & Mutations

You regenerate magic rapidly.
You have a small tail.


Message History

Your magic begins to regenerate rapidly.
A hobgoblin comes into view.
It is wielding a +2 short sword of protection.
The hobgoblin shouts!
A hobgoblin is nearby!
A hobgoblin is nearby!
You reach to attack!
You closely miss the hobgoblin.
The hobgoblin hits you with a +2 short sword of protection!
You barely miss the hobgoblin. You tail-slap the hobgoblin.
The hobgoblin is lightly wounded.
The hobgoblin hits you with a +2 short sword of protection.
A hobgoblin is nearby!
You hit the hobgoblin.
The hobgoblin is lightly wounded.
The hobgoblin hits you with a +2 short sword of protection.
You hit the hobgoblin.
You tail-slap the hobgoblin, but do no damage.
The hobgoblin is moderately wounded.
The hobgoblin hits you with a +2 short sword of protection.
A hobgoblin is nearby!
You are too injured to fight recklessly!
A hobgoblin is nearby!
You are too injured to fight recklessly!
A hobgoblin is nearby!
You are too injured to fight recklessly!
You are too injured to fight recklessly!
A hobgoblin is nearby!
You hit the hobgoblin.
Your tail-slap misses the hobgoblin.
The hobgoblin is severely wounded.
The hobgoblin completely misses you.
You closely miss the hobgoblin.
The hobgoblin is severely wounded.
The hobgoblin hits you with a +2 short sword of protection.
You barely miss the hobgoblin.
Your tail-slap misses the hobgoblin.
The hobgoblin is severely wounded.
The hobgoblin hits you with a +2 short sword of protection. x2
* * * LOW HITPOINT WARNING * * *
You hit the hobgoblin but do no damage.
The hobgoblin is severely wounded.
The hobgoblin hits you with a +2 short sword of protection.
You die...

.######### ......g@.#
########.# #.# #.# #.#
#.# #.# #.# #.# #.#
#.# ##
#######.####.##### ...
......).).#......+....
........#.#..#####....


You could see a hobgoblin.

Vanquished Creatures
  A dart slug (D:2)
  2 ball pythons
  A bat (D:1)
  3 endoplasms (D:1)
  3 goblins
  4 hobgoblins
  2 jackals (D:2)
  3 kobolds
  A frilled lizard (D:1)
  3 rats
23 creatures vanquished.

Notes
Turn   | Place    | Note
-------+----------+-------------------------------------------
     0 | D:1      | Demosthentine the Demonspawn Gladiator began the quest for
                  | the Orb.
     0 | D:1      | Reached XP level 1. HP: 16/16 MP: 1/1
   255 | D:1      | Gained mutation: You have a small tail. [demonic ancestry]
   255 | D:1      | Reached XP level 2. HP: 22/22 MP: 2/2
  1189 | D:2      | Gained mutation: You regenerate magic rapidly. [demonic
                  | ancestry]
  1189 | D:2      | Reached XP level 3. HP: 28/28 MP: 3/3
  1203 | D:2      | Slain by a hobgoblin

Illustrated notes

Levels and vault maps discovered:
D:1:      nzn_arrival_settlement, layout_basic
D:2:      layout_basic, uniq_jessica

Skill      XL: |  1  2 |
---------------+-------+-----
Dodging        | 3 |  3.0
Polearms       | 3 |  3.0
Fighting       | |  2.3
Throwing       | |  1.7
Armour         | |  0.9
Shields        | |  0.3

Action                     || total
---------------------------++-------
  Melee: Trident           ||    74
         Punch             ||     1
         Tailslap          ||     6
    Use: Scroll            ||     4
   Stab: Sleeping          ||     1
 Armour: Leather armour    ||    22
  Dodge: Dodged            ||    41

Table legend: (Time is in decaauts)
 A = Elapsed time spent in this place.
 B = Non-inter-level travel time spent in this place.
 C = Inter-level travel time spent in this place.
 D = Time resting spent in this place.
 E = Time spent auto-exploring this place.
 F = Levels seen in this place.
 G = Mean time per level.
                   A        B        C        D        E       F      G
               +--------+--------+--------+--------+--------+-----+--------+
         Total |   1214 |   1093 |    121 |      0 |    915 |   2 |  607.0 |
       Dungeon |   1214 |   1093 |    121 |      0 |    915 |   2 |  607.0 |
               +--------+--------+--------+--------+--------+-----+--------+

Top non-repeatable levels by time:
     D:1: 882 daAuts
     D:2: 331 daAuts
